 Dungeon Crawl Stone Soup version 0.21-a0-264-g3e31e41 (webtiles) character file.

3272 tidbits the Skirmisher (level 9, 79/79 HPs)
             Began as a Black Draconian Necromancer on Sept 8, 2017.
             Quit the game on level 7 of the Dungeon.
             The game lasted 00:35:49 (3156 turns).

tidbits the Skirmisher (DrNe)                       Turns: 3156, Time: 00:35:50

Health: 79/79      AC: 10    Str: 10    XL:     9   Next: 68%
Magic:  15/15      EV: 14    Int: 16    God:
Gold:   421        SH:  0    Dex: 15    Spells: 0/16 levels left

rFire    . . .     SeeInvis .     - Unarmed
rCold    . . .     Gourm    .   (no shield)
rNeg     . . .     Faith    .   (armour unavailable)
rPois    .         Spirit   .   (helmet restricted)
rElec    +         Reflect  .   (no cloak)
rCorr    .         Harm     .   (no gloves)
MR       .....                  F - +2 pair of boots
Stlth    ++........             l - amulet of rage
HPRegen  0.23/turn              c - ring of loudness (curse)
MPRegen  0.14/turn              C - ring of stealth

@: no status effects
A: breathe lightning, unfitting armour, electricity resistance, cold-blooded, AC
+7
a: Breathe Lightning, Evoke Berserk Rage


You were on level 7 of the Dungeon.
You were hungry.

You visited 1 branch of the dungeon, and saw 7 of its levels.

You collected 421 gold pieces.

Inventory:

Hand Weapons
 a - a +2 dagger of venom
   (You found it on level 1 of the Dungeon)
 b - a +0 hunting sling
 k - a +0 whip of electrocution
   (You found it on level 7 of the Dungeon)
 q - a +1 whip of freezing
   (You took it off Pikel on level 5 of the Dungeon)
 v - a +0 hand axe of pain
   (You found it on level 7 of the Dungeon)
Missiles
 h - 42 sling bullets
 n - 81 stones (quivered)
 w - 6 curare-tipped needles
 y - 9 arrows
Armour
 F - a +2 pair of boots (worn)
Jewellery
 c - a cursed ring of loudness (left hand)
   (You found it on level 4 of the Dungeon)
 l - an amulet of rage (around neck)
   (You found it on level 4 of the Dungeon)
 C - a ring of stealth (right hand)
   (You found it on level 5 of the Dungeon)
Scrolls
 f - 4 scrolls of amnesia
 g - a scroll of immolation {unknown}
 p - a scroll of enchant armour {unknown}
 r - 3 scrolls of teleportation
 s - a scroll of remove curse {unknown}
 t - a scroll of noise {unknown}
 B - a scroll of blinking {unknown}
Potions
 e - a potion of heal wounds
 j - 2 potions of curing
 x - a potion of flight
 A - a potion of cancellation {unknown}
Books
 d - a book of Necromancy

   Spells                             Type                      Level
   a - Pain                           Necromancy                   1
   b - Animate Skeleton               Necromancy                   1
   c - Vampiric Draining              Necromancy                   3
   d - Regeneration                   Charms/Necromancy            3
   e - Animate Dead                   Necromancy                   4
   f - Control Undead                 Necromancy                   4
 u - a book of Cantrips
   (You found it on level 6 of the Dungeon)

   Spells                             Type                      Level
   a - Confusing Touch                Hexes                        1
   b - Animate Skeleton               Necromancy                   1
   c - Summon Small Mammal            Summoning                    1
   d - Apportation                    Translocation                1
Comestibles
 m - 3 meat rations
 o - 9 bread rations
 z - 5 royal jellies


   Skills:
 + Level 7.6 Fighting
 + Level 3.4 Dodging
 - Level 1.8 Stealth
 * Level 7.5 Unarmed Combat
 - Level 4.1 Spellcasting
 - Level 5.8 Necromancy
 - Level 5.8 Evocations


You couldn't memorise any spells.
You knew the following spells:

 Your Spells              Type           Power        Failure   Level  Hunger
n - Animate Skeleton      Necr           N/A          1%          1    None
r - Regeneration          Chrm/Necr      ##........   16%         3    ###....
u - Control Undead        Necr           ###.......   16%         4    ####...
v - Vampiric Draining     Necr           ###.......   4%          3    ###....
z - Pain                  Necr           ###.         1%          1    None
N - Animate Dead          Necr           N/A          16%         4    ####...


Dungeon Overview and Level Annotations

Branches:
Dungeon (7/15)
 Temple: D:4-7

Altars:

Annotations:
D:3 George's ghost, weakling MiFi


Innate Abilities, Weirdness & Mutations

You can breathe wild blasts of lightning.
Your glossy black scales are hard. (AC +7)
You cannot fit into any form of body armour.
You are resistant to electric shocks. (rElec)
You are cold-blooded and may be slowed by cold attacks.


Message History

The dead are walking!
i - 11 chunks of flesh (gained 5) Unknown command.
Found a bread ration.
o - 8 bread rations (gained 1) Some of the chunks of flesh in your inventory have rotted away.
An orc comes into view. It is wielding a flail.
The orc shouts!
You hit the orc.
You tail-slap the orc, but do no damage.
The orc is heavily wounded.
The orc hits you with a flail.
You punch the orc!
You kill the orc!
Things that are here:
a flail; a chain mail
There is an open door here.
There is an escape hatch in the floor here.
Casting: Animate Skeleton
Confirm with . or Enter, or press ? or * to list all spells.
Your skin crawls.
Your skin is crawling a little less now.
Your skin stops crawling.
You see here a runed chain mail.
Magic restored.
A centaur skeleton comes into view.
Unknown command.
Casting: Regeneration
Confirm with . or Enter, or press ? or * to list all spells.
The centaur skeleton resists with almost no effort.
You are feeling hungry.
What are your orders? t - Shout!
Orders for allies: a - Attack new target. r - Retreat! s - Stop attacking. g - Guard the area. f - Follow me.
Anything else - Cancel.
Gang up on whom?
Press: ? - help, Dir - move target cursor, f - centaur skeleton
Aim: a centaur skeleton Attack!
The centaur skeleton completely misses Natasha.
Your adder skeleton bites the centaur skeleton.
Natasha claws the centaur skeleton!
The centaur skeleton hits Natasha.
Your adder skeleton bites the centaur skeleton.
The centaur skeleton hits your adder skeleton.
Natasha claws the centaur skeleton.
Your adder skeleton bites the centaur skeleton.
The centaur skeleton hits Natasha.
Natasha claws the centaur skeleton.
The centaur skeleton is destroyed!
Eat one of 9 chunks of flesh? (ye/n/q)
You eat one of the 9 chunks of flesh.
This raw flesh tastes terrible.
A ball python comes into view.
The ball python hisses angrily.
You punch the ball python!
You kill the ball python!
You swap places.
There is an open door here.
There is a stone staircase leading down here.
You swap places.
There is a stone staircase leading down here.
You climb downwards.
Your mindless thrall stays behind.
There is a stone staircase leading up here.
Found 16 gold pieces.
You now have 421 gold pieces (gained 16).
You found a shaft!
There is a shaft here.
Some of the chunks of flesh in your inventory have rotted away.
Found 22 sling bullets.
Found a robe.
Found 14 stones.
Found a potion of curing.
j - 2 potions of curing (gained 1) Some of the chunks of flesh in your inventory have rotted away.
Found a marble ring.
C - a marble ring Put on which piece of jewellery? (? for menu, Esc to quit)
C - a ring of stealth (right hand)
Okay, then.
Found a bread ration.
All of the chunks of flesh in your inventory have rotted away.
o - 9 bread rations (gained 1)
Found a royal jelly.
z - 5 royal jellies (gained 1)
There is an escape hatch in the floor here.
There is a stone staircase leading down here.
You climb downwards.
There is a stone staircase leading up here.
You are feeling hungry.
(D) Dungeon
Where to? (Enter - D:7 @ (x,y), ? - help)
There is a stone staircase leading down here.
You climb downwards.
There is a stone staircase leading up here.
Things that are here:
a hand axe; an animal skin
Things that are here:
a robe; an enchanted long sword
Found a giant spiked club.
Are you sure you want to abandon this character and quit the game? (Confirm with "yes".)

#..'..#.................#
#..#..#.#######..########
#..#..#. #..# #######.
#..# #. #..# ##.##
#..######.# ##...##
##...).....#
##.....####...########
#....@.........#
##.....####...## ##...##
##.## ##.## ### ##


There were no monsters in sight!

Vanquished Creatures
  A two-headed ogre (D:6)
  Pikel (D:5)
  2 yaks (D:7)
  A human (D:7)
  2 hogs (D:7)
  A hungry ghost (D:7)
  A water moccasin (D:4)
  An orc warrior (D:6)
  A phantom (D:4)
  An ogre (D:7)
  A centaur (D:6)
  2 bullfrogs
  A wyvern skeleton (D:7)
  4 wights (D:7)
  A crimson imp (D:6)
  A centaur zombie (D:6)
  2 orc priests
  A jelly (D:4)
  A centaur skeleton (D:5)
  2 iguanas (D:5)
  3 orc wizards (D:6)
  Natasha (twice) (D:4)
  2 worker ants
  A hound zombie (D:7)
  A howler monkey zombie (D:5)
  4 adders
  A shadow imp (D:7)
  An ooze (D:3)
  An adder skeleton (D:4)
  An adder zombie (D:7)
  A dart slug (D:3)
  4 leopard geckos
  9 orcs
  2 ball pythons
  A giant cockroach (D:2)
  4 goblins
  4 hobgoblins
  15 jackals
  2 kobolds (D:2)
  3 quokkas
  5 bats
  2 frilled lizards
  8 rats
105 creatures vanquished.

Vanquished Creatures (collateral kills)
  A black bear (D:7)
  2 necrophages (D:7)
  An ogre (D:4)
  4 wights (D:7)
  A centaur skeleton (D:4)
  A hound skeleton (D:5)
  A worker ant zombie (D:7)
  2 adders
13 creatures vanquished.

Vanquished Creatures (others)
  A leopard gecko (D:5)
1 creature vanquished.

Grand Total: 119 creatures vanquished

Notes
Turn   | Place    | Note
-------+----------+-------------------------------------------
     0 | D:1      | tidbits the Draconian Necromancer began the quest for the Orb.
     0 | D:1      | Reached XP level 1. HP: 14/14 MP: 3/3
   100 | D:1      | Reached skill level 2 in Dodging
   109 | D:1      | Learned a level 1 spell: Animate Skeleton
   185 | D:2      | Reached XP level 2. HP: 20/20 MP: 5/5
   333 | D:2      | Reached XP level 3. HP: 26/27 MP: 6/6
   518 | D:2      | Reached skill level 1 in Fighting
   738 | D:3      | Noticed George's ghost (weakling MiFi)
   749 | D:3      | Reached skill level 5 in Necromancy
   749 | D:3      | Reached XP level 4. HP: 32/35 MP: 4/7
   770 | D:2      | Learned a level 3 spell: Vampiric Draining
   774 | D:2      | Learned a level 3 spell: Regeneration
   857 | D:4      | Noticed a water moccasin
   858 | D:4      | Noticed Natasha
   871 | D:4      | Killed a water moccasin
   871 | D:4      | Reached skill level 2 in Fighting
   871 | D:4      | Reached skill level 3 in Spellcasting
   871 | D:4      | Reached XP level 5. HP: 18/42 MP: 0/9
   946 | D:5      | Entered Level 5 of the Dungeon
  1037 | D:4      | Killed Natasha
  1098 | D:4      | Noticed a phantom
  1133 | D:4      | Killed a phantom
  1133 | D:4      | Reached skill level 2 in Unarmed Combat
  1133 | D:4      | Reached XP level 6. HP: 40/50 MP: 10/10
  1316 | D:5      | Noticed a slave
  1317 | D:5      | Noticed a slave
  1317 | D:5      | Noticed Pikel
  1317 | D:5      | Noticed a slave
  1317 | D:5      | Noticed a slave
  1335 | D:5      | Killed Pikel
  1335 | D:5      | Reached skill level 5 in Fighting
  1335 | D:5      | Reached skill level 4 in Unarmed Combat
  1335 | D:5      | Your scales start taking on a glossy black colour.
  1335 | D:5      | Reached XP level 7. HP: 46/61 MP: 1/11
  1335 | D:5      | Gained mutation: You are resistant to electric shocks. (rElec) [Black Draconian growth]
  1344 | D:5      | Learned a level 4 spell: Control Undead
  1517 | D:6      | Reached skill level 5 in Unarmed Combat
  1691 | D:7      | Reached XP level 8. HP: 47/70 MP: 7/13
  1746 | D:7      | Reached skill level 6 in Fighting
  1833 | D:7      | Got a slimy ring mail
  1902 | D:7      | Reached skill level 4 in Spellcasting
  1955 | D:7      | Reached skill level 2 in Evocations
  1958 | D:7      | Reached skill level 3 in Evocations
  1966 | D:7      | Reached skill level 4 in Evocations
  1968 | D:7      | Reached skill level 5 in Evocations
  1968 | D:7      | Reached XP level 9. HP: 78/78 MP: 5/15
  2007 | D:7      | Learned a level 4 spell: Animate Dead
  2098 | D:6      | Reached skill level 6 in Unarmed Combat
  2118 | D:6      | Noticed a two-headed ogre
  2129 | D:6      | Killed a two-headed ogre
  2129 | D:6      | Reached skill level 7 in Fighting
  2310 | D:6      | Reached skill level 7 in Unarmed Combat
  2327 | D:6      | Reached skill level 3 in Dodging
  2701 | D:4      | Noticed Natasha
  2711 | D:4      | Killed Natasha
  3156 | D:7      | Quit the game

Vault maps used:
D:1:      ncdulo_wetmaze
D:3:      uniq_sigmund
D:4:      first_bread, uniq_natasha
D:5:      minmay_misc_feat_four_crosses, minmay_misc_feat_columns, uniq_pikel
D:7:      lemuel_temple_firewalk_a, serial_undead, serial_undead_e,
          serial_undead_b, serial_undead_b, serial_undead_d, serial_undead_b,
          serial_undead_f, hangedman_decor_riveting, grunt_livestock

Skill      XL: |  1  2  3  4  5  6  7  8  9 |
---------------+----------------------------+-----
Dodging        | 2 3 |  3.4
Fighting       | 1 2 5 6 7 |  7.6
Necromancy     | 5 |  5.8
Spellcasting   | 3 4 |  4.1
Unarmed Combat | 2 4 5 7 |  7.5
Evocations     | 5 |  5.8
Stealth        | |  1.8

Action                   |  1- 3 |  4- 6 |  7- 9 || total
-------------------------+-------+-------+-------++-------
Melee: Dagger            |    57 |    84 |    57 ||   198
       Tailslap          |     3 |     7 |    35 ||    45
       Punch             |       |     1 |     5 ||     6
       Unarmed           |       |       |   187 ||   187
 Fire: Hunting sling     |       |    20 |       ||    20
 Cast: Pain              |    25 |     7 |     1 ||    33
       Animate Skeleton  |     1 |     3 |    13 ||    17
       Regeneration      |       |     4 |    11 ||    15
       Vampiric Draining |       |     9 |    12 ||    21
       Control Undead    |       |       |    11 ||    11
       Animate Dead      |       |       |     2 ||     2
 Abil: Evoke Berserk Rag |       |       |     2 ||     2
       Breathe Lightning |       |       |     1 ||     1
  Use: Scroll            |     1 |     2 |     2 ||     5
       Potion            |       |     3 |     1 ||     4
 Stab: Sleeping          |     7 |       |       ||     7
  Eat: Chunk             |       |     4 |    11 ||    15
       Meat ration       |       |       |     1 ||     1
       Bread ration      |       |       |     1 ||     1
       Royal jelly       |       |       |     1 ||     1
       Fruit             |       |       |     1 ||     1
Armor: Skin              |    20 |    34 |    98 ||   152
Dodge: Dodged            |    21 |    61 |   124 ||   206

Table legend:
 A = Spawn XP
 B = Non-spawn XP
 C = Spawn XP percentage of total XP
 D = Spawn monster count
 E = Non-spawn monster count
 F = Spawn count percentage of total count
 G = Total turns spent on level
                    A         B        C        D         E        F      G
               +---------+---------+-------+---------+---------+-------+---------
         Total |       0 |    4675 |   0.0 |       0 |     116 |   0.0 |  3156
               +---------+---------+-------+---------+---------+-------+---------
           D:1 |       0 |      15 |   0.0 |       0 |      11 |   0.0 |   281
           D:2 |       0 |      28 |   0.0 |       0 |      16 |   0.0 |   353
           D:3 |       0 |      81 |   0.0 |       0 |      11 |   0.0 |   189
           D:4 |       0 |     547 |   0.0 |       0 |      21 |   0.0 |   749
           D:5 |       0 |     832 |   0.0 |       0 |      10 |   0.0 |   494
           D:6 |       0 |    1402 |   0.0 |       0 |      18 |   0.0 |   530
           D:7 |       0 |    1770 |   0.0 |       0 |      29 |   0.0 |   560
               +---------+---------+-------+---------+---------+-------+---------

Table legend:
 A = Turns spent in this place as a percentage of turns spent in the entire game.
 B = Non-inter-level travel turns spent in this place as a percentage of non-inter-level travel turns spent in the entire game.
 C = Inter-level travel turns spent in this place as a percentage of turns spent in this place.
 D = Turns resting spent in this place as a percentage of non-inter-level travel turns spent in this place.
 E = Turns spent auto-exploring this place as a percentage of non-inter-level travel turns spent in this place.
 F = Non-inter-level travel turns spent in this place divided by the number of levels of this place that you've seen.
                   A       B       C       D       E      F
               +-------+-------+-------+-------+-------+----------------------
         Total | 100.0 | 100.0 |   4.9 |   0.0 |   0.0 | 428.6
       Dungeon | 100.0 | 100.0 |   4.9 |   0.0 |   0.0 | 428.6
               +-------+-------+-------+-------+-------+----------------------

Table legend:
 A = Kills in this place as a percentage of kills in entire the game.
 B = Kills by you in this place as a percentage of kills by you in the entire game.
 C = Kills by friends in this place as a percentage of kills by friends in the entire game.
 D = Other kills in this place as a percentage of other kills in the entire game.
 E = Experience gained in this place as a percentage of experience gained in the entire game.
 F = Experience gained in this place divided by the number of levels of this place that you have seen.
                   A       B       C       D       E      F
               +-------+-------+-------+-------+-------+----------------------
         Total | 100.0 | 100.0 | 100.0 | 100.0 | 100.0 | 667.9
       Dungeon | 100.0 | 100.0 | 100.0 | 100.0 | 100.0 | 667.9
               +-------+-------+-------+-------+-------+----------------------

Vault maps used:
D:1:      ncdulo_wetmaze
D:3:      uniq_sigmund
D:4:      first_bread, uniq_natasha
D:5:      minmay_misc_feat_four_crosses, minmay_misc_feat_columns, uniq_pikel
D:7:      lemuel_temple_firewalk_a, serial_undead, serial_undead_e,
          serial_undead_b, serial_undead_b, serial_undead_d, serial_undead_b,
          serial_undead_f, hangedman_decor_riveting, grunt_livestock
